 Dungeon Crawl Stone Soup version 0.15-a0-1345-gc375f20 (webtiles) character file.

91 AvylaaBelgium the Firebug (level 4, -9/24 HPs)
             Began as a Deep Elf Fire Elementalist on June 8, 2014.
             Killed from afar by a white imp (12 damage)
             ... with a puff of frost
             ... summoned by Eustachio
             ... on Level 5 of the Dungeon.
             The game lasted 00:13:17 (1024 turns).

AvylaaBelgium the Firebug (DEFE)                    Turns: 1024, Time: 00:13:20

HP  -9/24        AC  2     Str  5      XL: 4   Next: 33%
MP   2/15        EV 13     Int 21      God:
Gold 145         SH  0     Dex 15      Spells:  3 memorised,  4 levels left

rFire  . . .     SeeInvis .     h - +0 dagger
rCold  . . .     Clarity  .     a - +0 robe
rNeg   . . .     rCorr    .     (no shield)
rPois  .         rRot     .     (no helmet)
rElec  .         Spirit   .     (no cloak)
SustAb .         Warding  .     (no gloves)
rMut   .         Stasis   +     (no boots)
Gourm  .                        d - amulet of stasis
MR     .....                    (no ring)
                                (no ring)

@: not resistant to hostile enchantments, unstealthy
A: no striking features
a: no special abilities


You were on level 5 of the Dungeon.
You were hungry.

You visited 1 branch of the dungeon, and saw 5 of its levels.

You collected 145 gold pieces.

Inventory:

Hand weapons
 h - a +0,+0 dagger (weapon)
 k - a +0,+0 sling
 n - a +0,+1 dagger of venom
 s - a +0,+0 dagger
 u - a +0,+2 short sword of flaming
Missiles
 f - 64 stones (quivered)
 r - 18 bolts
 t - 16 arrows
 w - 13 poisoned needles
Armour
 a - a +0 robe (worn)
 x - a cursed +0 chain mail
Comestibles
 c - 2 bread rations
 g - a beef jerky
 l - 2 meat rations
Scrolls
 j - a scroll of recharging
 m - a scroll of teleportation
 o - a scroll of enchant armour {unknown}
 q - a scroll of random uselessness {unknown}
 v - a scroll of amnesia {unknown}
Jewellery
 d - an amulet of stasis (around neck)
Potions
 e - a potion of resistance {unknown}
 i - 2 potions of magic {unknown}
 p - 3 potions of curing {unknown}
Books
 b - a book of Flames

   Spells                             Type                      Level
   *Flame Tongue                      Conjuration/Fire             1
   *Throw Flame                       Conjuration/Fire             2
   Conjure Flame                      Conjuration/Fire             3
   Inner Flame                        Hexes/Fire                   3
   *Sticky Flame                      Conjuration/Fire             4
   Fireball                           Conjuration/Fire             5


   Skills:
 * Level 2.8 Dodging
 - Level 2.8 Stealth
 + Level 4.0 Spellcasting
 + Level 1.8 Conjurations
 + Level 4.5 Fire Magic


You had 4 spell levels left.
You knew the following spells:

 Your Spells              Type           Power        Failure   Level  Hunger
a - Flame Tongue          Conj/Fire      ###..        3%          1    None
b - Throw Flame           Conj/Fire      ###...       6%          2    #......
c - Sticky Flame          Conj/Fire      ###.....     34%         4    ####...


Dungeon Overview and Level Annotations

Branches:
Dungeon (5/15)
 Temple: D:4-7

Altars:

Annotations:
D:5 Eustachio


Message History

Eustachio twirls his moustache.
Eustachio casts a spell.
The bat barely misses you. The bat hits you but does no damage.
The white imp gestures at you. The puff of frost hits you!
* * * LOW HITPOINT WARNING * * *
Casting: Throw Flame
Confirm with . or Enter, or press ? or * to list all spells.
Aiming: Sticky Flame
Press: ? - help, Shift-Dir - straight line, f - bat
Aim: a bat (summoned)
The sticky flame hits the bat.
You kill the bat!
The bat's corpse disappears in a puff of smoke!
You are feeling hungry.
The white imp gestures at you. The puff of frost hits you!
Ouch! That really hurt!
You die...

##. #....# ....
#....# ..#..
#....# #.....
####5@..##
#.....##..5.##..#
............###.#
..#............#
.
#.....##.....#..#
#..@..##.....$.#
##.ยง####.......#
##.......####..#
##....%........
##......#####.
#....#### #.<.##
#...# #####


You could see Eustachio, an iron imp and a white imp.

Vanquished Creatures
  A worker ant (D:5)
  Ijyb (D:2)
  A gnoll (D:4)
  A giant gecko (D:3)
  An orc (D:3)
  6 goblins
  5 hobgoblins
  3 jackals (D:1)
  6 kobolds
  A ball python (D:2)
  6 bats
  2 giant cockroaches
  3 giant newts
  7 rats
44 creatures vanquished.

Notes
Turn   | Place    | Note
--------------------------------------------------------------
     0 | D:1      | AvylaaBelgium, the Deep Elf Fire Elementalist, began the quest for the Orb.
     0 | D:1      | Reached XP level 1. HP: 10/10 MP: 5/5
   145 | D:1      | Reached XP level 2. HP: 15/15 MP: 3/8
   437 | D:2      | Noticed Ijyb
   462 | D:2      | Killed Ijyb
   462 | D:2      | Reached skill level 4 in Fire Magic
   462 | D:2      | Reached XP level 3. HP: 12/19 MP: 0/11
   825 | D:3      | Learned a level 2 spell: Throw Flame
   892 | D:5      | Entered Level 5 of the Dungeon
   978 | D:5      | Reached XP level 4. HP: 7/24 MP: 2/15
   986 | D:5      | Learned a level 4 spell: Sticky Flame
  1010 | D:5      | Noticed Eustachio
  1010 | D:5      | Noticed an ice beast
  1024 | D:5      | Killed from afar by a white imp

Action                   |  1- 3 |  4- 6 || total
-------------------------+-------+-------++-------
Melee: Dagger            |    11 |       ||    11
Throw: Stone             |     3 |       ||     3
 Cast: Flame Tongue      |    67 |     3 ||    70
       Throw Flame       |     9 |       ||     9
       Sticky Flame      |       |     1 ||     1
  Use: Scroll            |     2 |       ||     2
 Stab: Sleeping          |     1 |       ||     1
